 Dungeon Crawl Stone Soup version 0.22.1-6-g1668fe2 (webtiles) character file.

12166 dvd the Cleaver (level 11, -1/87 HPs)
             Began as a Vine Stalker Gladiator on Jan 28, 2019.
             Was an Elder of Makhleb.
             Slain by a minotaur
             ... wielding a +4 trident of freezing
              (13 damage)
             ... in a labyrinth.
             The game lasted 00:36:31 (8570 turns).

dvd the Cleaver (Vine Stalker Gladiator)            Turns: 8570, Time: 00:36:32

Health: -1/87      AC: 13    Str: 25    XL:     11   Next: 89%
Magic:  0/24       EV: 16    Int:  8    God:    Makhleb [****..]
Gold:   630        SH:  0    Dex: 16    Spells: 7/10 levels left

rFire    + . .     SeeInvis .   a - +3 war axe
rCold    . . .     Gourm    .   (no shield)
rNeg     . . .     Faith    .   C - +0 troll leather armour
rPois    +         Spirit   +   c - +0 helmet
rElec    .         Reflect  .   P - +2 cloak {rPois}
rCorr    .         Harm     .   i - +0 pair of gloves
MR       +....                  g - +2 pair of boots
Stlth    ..........             (no amulet)
HPRegen  1.04/turn              l - ring of magical power
MPRegen  0.19/turn              E - ring of protection from fire

@: berserking, very slightly contaminated, invisible, very quick
A: fangs 3, regeneration 1, magic shield, antimagic bite, no potion heal 3, rot
immunity
a: Minor Destruction, Lesser Servant of Makhleb, Major Destruction, Renounce
Religion


You were in a labyrinth.
You worshipped Makhleb.
Makhleb was greatly pleased with you.
You were not hungry.

You visited 2 branches of the dungeon, and saw 12 of its levels.
You also visited: Labyrinth.

You collected 712 gold pieces.
You spent 82 gold pieces at shops.

Inventory:

Hand Weapons
 a - a +3 war axe (weapon)
 n - a +0 whip of electrocution
 o - a +3 double sword
 q - a +0 hand axe of electrocution
 r - a +1 hand axe of chopping
 u - a +0 flail of protection
 y - a +0 broad axe
 I - a +3 long sword
 N - a +2 falchion of flaming
Missiles
 d - 7 throwing nets (quivered)
Armour
 c - a +0 helmet (worn)
 g - a +2 pair of boots (worn)
 i - a +0 pair of gloves (worn)
 k - the +1 leather armour of Action {rF- rN+++ Int+4 Stlth+}
   (You found it on level 4 of the Dungeon)

   It affects your intelligence (+4).
   It makes you vulnerable to fire.
   It renders you almost immune to negative energy.
   It makes you more stealthy.
 C - a +0 troll leather armour (worn)
 P - a +2 cloak of poison resistance (worn)
Jewellery
 l - a ring of magical power (left hand)
 E - a ring of protection from fire (right hand)
Wands
 b - a wand of flame (19)
 j - a wand of disintegration (17)
 v - a wand of polymorph (8)
 F - a wand of acid (5)
 K - a wand of enslavement (17)
Scrolls
 e - 14 scrolls of identify
 s - 2 scrolls of teleportation
 w - 5 scrolls of remove curse
 A - a scroll of blinking
 B - a scroll of fear
 D - 3 scrolls of amnesia
 G - a scroll of fog
 H - a scroll of enchant armour
Potions
 h - 4 potions of curing
 m - a potion of brilliance
 t - 2 potions of invisibility
 x - a potion of haste
Comestibles
 f - 18 rations


   Skills:
 + Level 6.6 Fighting
 + Level 11.5(11.6) Axes
 + Level 1.6(7.6) Maces & Flails
 + Level 2.0 Throwing
 + Level 4.7 Armour
 + Level 6.2 Dodging
 + Level 6.9 Stealth
 + Level 5.2 Invocations
 + Level 0.6 Evocations


You had 7 spell levels left.
You knew the following spells:

 Your Spells              Type           Power        Failure   Level  Hunger
a - Regeneration          Chrm/Necr      #.........   82%         3    ####...

Your spell library contained the following spells:

 Spells                   Type           Power        Failure   Level  Hunger
 Animate Skeleton         Necr           N/A          43%         1    ##.....
 Beastly Appendage        Tmut           #.....       43%         1    ##.....
 Pain                     Necr           #...         43%         1    ##.....
 Sticks to Snakes         Tmut           #.......     58%         2    ###....
 Spider Form              Tmut/Pois      #.........   82%         3    ####...
 Vampiric Draining        Necr           #.........   82%         3    ####...
 Animate Dead             Necr           N/A          99%         4    #####..
 Ice Form                 Ice/Tmut       #.......     99%         4    #####..
 Blade Hands              Tmut           #.........   100%        5    ######.


Dungeon Overview and Level Annotations

Branches:
Dungeon (11/15)            Temple (1/1) D:5             Orc (0/2) D:9
   Lair: D:8-11

Altars:
Ashenzari
Cheibriados
Dithmenos
Elyvilon
Fedhas
Gozag
Hepliaklqana
Kikubaaqudgha
Makhleb
Nemelex Xobeh
Okawaru
Qazlal
Ru
Sif Muna
Trog
Uskayaw
Vehumet
Wu Jian
Xom
Yredelemnul
Zin
The Shining One

Shops:
D:6 ?   D:9 ==

Annotations:
D:9 1 runed door, MordorOrchid's ghost, novice DsSk


Innate Abilities, Weirdness & Mutations

You have razor-sharp teeth.
Your natural rate of healing is unusually fast.
When hurt, damage is shared between your health and your magic reserves.
Your bite disrupts and absorbs the magic of your enemies.
Potions cannot restore your health.
You are immune to rotting.


Message History

The minotaur gores you.
* * * LOW HITPOINT WARNING * * *
You barely miss the minotaur. Your bite misses the minotaur.
The minotaur is lightly wounded.
Unknown command.
Press: ? - help, v - describe, . - travel
Here: a minotaur, wielding a trident of freezing and wearing a shiny plate The floor, spattered with blood.
Unknown command.
You slash the minotaur!
The minotaur is heavily wounded.
The minotaur completely misses you. The minotaur gores you.
* * * LOW HITPOINT WARNING * * *
You catch the helpless minotaur completely off-guard!
You slash the minotaur!
The minotaur is severely wounded.
You hit the minotaur but do no damage.
The minotaur is severely wounded.
The minotaur hits you with a trident of freezing!!
You die...

# # .# # #..
#.#.# ###
#..... .... .
# ... ..
.####### # #
##. #.#.....#
...# #
.#.#.## # .
.. #.# #.# #.
#.#.# #.# ###
# # .#.#@# #
# .
#....#.#.H.#.
# #. # # ##.
.#####.# .#
... .#. . # #
## #
.######### #
.. # ##


You could see a minotaur.

Vanquished Creatures
  Snorg (D:10)
  2 two-headed ogres
  Urug (D:10)
  Pikel (D:7)
  Joseph (D:10)
  Maurice (D:8)
  A troll (D:10)
  3 hippogriffs
  2 hornets
  Prince Ribbit (D:6)
  A vampire (D:11)
  5 yaks
  A hungry ghost (D:8)
  A steam dragon (D:7)
  Eustachio (D:6)
  Menkaure (D:6)
  A black bear (D:6)
  3 ice beasts
  5 orc warriors
  3 slaves (D:6)
  A sky beast (D:9)
  2 centaurs (D:5)
  A phantom (D:9)
  5 ogres
  A crocodile (D:9)
  7 bullfrogs
  A gnoll sergeant (D:6)
  A wyvern zombie (D:10)
  4 scorpions
  An oklob sapling (D:5)
  3 killer bees (D:10)
  2 troll skeletons (Lab)
  7 wights
  2 howler monkeys (D:9)
  A spriggan skeleton (Lab)
  3 crimson imps
  A bullfrog zombie (D:8)
  4 hounds
  3 bullfrog skeletons
  2 centaur skeletons
  2 jellies
  Crazy Yiuf (D:7)
  A centaur zombie (D:6)
  A gnoll shaman (D:7)
  4 orc priests
  Jessica (D:2)
  An iguana (D:4)
  13 orc wizards
  4 worker ants
  A hell rat (D:7)
  A hound zombie (D:10)
  A hound skeleton (D:7)
  2 worker ant zombies
  7 adders
  5 river rats (D:7)
  13 gnolls
  2 oozes (D:1)
  An adder skeleton (D:7)
  6 dart slugs
  2 leopard geckos
  48 orcs
  6 bats
  7 giant cockroaches
  5 hobgoblins
  2 jackals (D:2)
  4 quokkas (D:7)
  A ball python (D:1)
  2 frilled lizards (D:1)
  10 goblins
  A jackal skeleton (D:9)
  7 kobolds
  A leopard gecko zombie (D:7)
  A quokka skeleton (D:7)
  20 rats
  A plant (D:5)
273 creatures vanquished.

Vanquished Creatures (collateral kills)
  Fannar (D:10)
  Harold (D:10)
  A hornet (D:9)
  A soldier ant (D:9)
  2 wights (D:10)
  An orc wizard (D:10)
  A leopard gecko (D:10)
  An orc (D:10)
  3 jackals (D:10)
12 creatures vanquished.

Vanquished Creatures (others)
  An adder (D:10)
1 creature vanquished.

Grand Total: 286 creatures vanquished

Notes
Turn   | Place    | Note
-------+----------+-------------------------------------------
     0 | D:1      | dvd the Vine Stalker Gladiator began the quest for the Orb.
     0 | D:1      | Reached XP level 1. HP: 11/11 MP: 2/2
   135 | D:1      | Reached XP level 2. HP: 11/15 MP: 3/3
   481 | D:1      | Reached skill level 3 in Axes
   592 | D:1      | Reached XP level 3. HP: 17/18 MP: 4/4
  1157 | D:2      | Found a shattered altar of Ashenzari.
  1223 | D:2      | Gained mutation: Your natural rate of healing is unusually
                  | fast. [Vine Stalker growth]
  1223 | D:2      | Reached XP level 4. HP: 23/23 MP: 5/5
  1295 | D:2      | Reached skill level 1 in Armour
  1363 | D:2      | Reached skill level 4 in Axes
  1363 | D:2      | Reached XP level 5. HP: 19/26 MP: 6/6
  1651 | D:2      | Noticed Jessica
  1655 | D:2      | Killed Jessica
  1699 | D:2      | Found a radiant altar of Vehumet.
  2042 | D:3      | Found a deep blue altar of Sif Muna.
  2143 | D:3      | Found a glowing golden altar of the Shining One.
  2144 | D:3      | Found a glowing silver altar of Zin.
  2146 | D:3      | Found a white marble altar of Elyvilon.
  2259 | D:3      | Found a bloodstained altar of Trog.
  2381 | D:4      | Noticed an orc warrior
  2436 | D:4      | Reached XP level 6. HP: 24/32 MP: 7/7
  2445 | D:4      | Found a white marble altar of Elyvilon.
  2538 | D:4      | Found a blossoming altar of Fedhas.
  2544 | D:4      | HP: 1/32 [orc warrior/trident (13)]
  2829 | D:4      | Reached skill level 5 in Axes
  2955 | D:4      | Killed an orc warrior
  2955 | D:4      | Reached skill level 1 in Stealth
  3015 | D:4      | Got a spiked leather armour
  3026 | D:4      | Identified the cursed +1 leather armour of Action {rF-
                  | rN+++ Int+4 Stlth+} (You found it on level 4 of the
                  | Dungeon)
  3121 | D:4      | Reached XP level 7. HP: 27/35 MP: 8/8
  3221 | D:5      | Entered Level 5 of the Dungeon
  3370 | D:5      | Found a staircase to the Ecumenical Temple.
  3381 | D:5      | Reached skill level 6 in Axes
  3421 | Temple   | Entered the Ecumenical Temple
  3920 | D:5      | Gained mutation: You have razor-sharp teeth. [Vine Stalker
                  | growth]
  3920 | D:5      | Reached XP level 8. HP: 38/40 MP: 9/9
  4112 | D:5      | Learned a level 3 spell: Regeneration
  4369 | D:6      | Reached skill level 7 in Axes
  4439 | D:6      | Found a shadowy altar of Dithmenos.
  4440 | D:6      | Found a burning altar of Makhleb.
  4444 | D:6      | Became a worshipper of Makhleb the Destroyer
  4469 | D:6      | Noticed Eustachio
  4478 | D:6      | Killed Eustachio
  4536 | D:6      | Noticed Menkaure
  4546 | D:6      | Killed Menkaure
  4548 | D:6      | Found Jesea's Magic Scroll Shoppe.
  4559 | D:6      | Bought a scroll of blinking for 82 gold pieces
  4657 | D:6      | Found a hazy altar of Hepliaklqana.
  4664 | D:6      | Found a shimmering altar of Xom.
  4664 | D:6      | Noticed a thorn hunter
  4665 | D:6      | Noticed a thorn hunter
  4665 | D:6      | Noticed a spectral ugly thing
  4677 | D:6      | Found a hide-covered altar of Uskayaw.
  4767 | D:6      | Noticed Prince Ribbit
  4776 | D:6      | Killed Prince Ribbit
  4776 | D:6      | Reached skill level 8 in Axes
  4776 | D:6      | Reached XP level 9. HP: 29/45 MP: 10/10
  5082 | D:7      | Found a runed door.
  5086 | D:7      | Noticed Crazy Yiuf
  5090 | D:7      | Killed Crazy Yiuf
  5289 | D:7      | Noticed Pikel
  5302 | D:7      | Reached * piety under Makhleb
  5305 | D:7      | Killed Pikel
  5305 | D:7      | Reached skill level 9 in Axes
  5439 | D:7      | Reached skill level 5 in Fighting
  5450 | D:7      | Reached XP level 10. HP: 42/51 MP: 11/11
  5680 | D:7      | Reached ** piety under Makhleb
  5938 | D:8      | Reached skill level 10 in Axes
  5938 | D:8      | Reached skill level 5 in Dodging
  5989 | D:8      | Noticed Maurice
  5999 | D:8      | Killed Maurice
  6244 | D:9      | Reached skill level 1 in Invocations
  6351 | D:9      | Reached *** piety under Makhleb
  6387 | D:9      | Found a staircase to the Orcish Mines.
  6577 | D:9      | Found Qiysaov's Jewellery Boutique.
  6655 | D:9      | HP: 1/52 [white imp/puff of frost[the player character]
                  | (4)]
  6766 | D:9      | Found a runed door.
  6769 | D:9      | Noticed MordorOrchid's ghost (novice DsSk)
  6830 | D:9      | Noticed a two-headed ogre
  6837 | D:9      | Killed a two-headed ogre
  6837 | D:9      | Reached skill level 1 in Maces & Flails
  6837 | D:9      | Reached skill level 5 in Stealth
  6863 | D:9      | Reached XP level 11. HP: 40/56 MP: 14/14
  7122 | D:9      | Found Cewaxije's Jewellery Shop.
  7463 | D:10     | Entered Level 10 of the Dungeon
  7465 | D:10     | Noticed a two-headed ogre
  7480 | D:10     | Killed a two-headed ogre
  7480 | D:10     | Reached skill level 11 in Axes
  7502 | D:10     | Reached **** piety under Makhleb
  7502 | D:10     | Noticed Snorg
  7564 | D:10     | Noticed Harold
  7576 | D:10     | Killed Harold
  7670 | D:10     | Noticed Joseph
  7682 | D:10     | Killed Joseph
  7689 | D:10     | Reached skill level 5 in Invocations
  7737 | D:10     | Noticed Urug
  7747 | D:10     | Killed Urug
  7787 | D:10     | Noticed Fannar
  7810 | D:10     | Killed Fannar
  7900 | D:10     | Killed Snorg
  7974 | D:10     | Found a snail-covered altar of Cheibriados.
  8225 | D:11     | Found a labyrinth entrance.
  8271 | Lab      | Entered a labyrinth
  8378 | Lab      | Found an exit through the horrors of the Abyss.
  8556 | Lab      | Noticed a minotaur
  8570 | Lab      | Slain by a minotaur

Skill      XL: |  1  2  3  4  5  6  7  8  9 10 11 |
---------------+----------------------------------+-----
Axes           | 3 4 5 6 8 9 10 11 | 11.5
Throwing       | 2 |  2.0
Fighting       | 2 3 5 6 |  6.6
Dodging        | 3 4 5 6 |  6.2
Armour         | 1 3 4 |  4.7
Stealth        | 1 3 4 5 6 |  6.9
Invocations    | 3 5 |  5.2
Maces & Flails | 1 |  1.6
Evocations     | |  0.6

Action                   |  1- 3 |  4- 6 |  7- 9 | 10-12 || total
-------------------------+-------+-------+-------+-------++-------
Melee: War axe           |    75 |   150 |   218 |   247 ||   690
       Bite              |    21 |    45 |    82 |   149 ||   297
       Flail             |       |       |       |    30 ||    30
       Hand axe          |       |       |       |   143 ||   143
Throw: Throwing net      |       |     1 |       |     1 ||     2
Invok: Minor Destruction |       |       |       |    42 ||    42
       Lesser Servant of |       |       |       |     6 ||     6
Evoke: Wand              |       |       |     1 |     4 ||     5
  Use: Potion            |       |     4 |       |    12 ||    16
       Scroll            |       |       |    10 |     5 ||    15
 Stab: Sleeping          |       |       |     7 |     7 ||    14
       Distracted        |       |       |       |     8 ||     8
       Held in net/web   |       |       |       |     3 ||     3
       Invisible         |       |       |       |     2 ||     2
  Eat: Chunk             |     1 |     6 |     5 |    12 ||    24
       Ration            |       |       |     1 |       ||     1
Armor: Leather armour    |     8 |     2 |   118 |   126 ||   254
       Ring mail         |    22 |    79 |       |       ||   101
       Troll leather arm |       |       |       |    13 ||    13
Dodge: Dodged            |    53 |   138 |   216 |   268 ||   675
